 Dungeon Crawl Stone Soup version 0.25-a0-1024-gbfbf38f2cb (webtiles) character file.

Game seed: 9022490266546160153, levelgen mode: deterministic

119 Flugslaktarn the Skirmisher (level 4, -2/41 HPs)
             Began as a Minotaur Fighter on May 12, 2020.
             Slain by an orc
             ... wielding a +0 trident
              (5 damage)
             ... on level 4 of the Dungeon.
             The game lasted 00:00:47 (1484 turns).

Flugslaktarn the Skirmisher (Minotaur Fighter)      Turns: 1484, Time: 00:00:47

Health: -2/41      AC:  7    Str: 21    XL:     4   Next: 73%
Magic:  3/3        EV:  7    Int:  5    God:
Gold:   77         SH:  9    Dex: 10    Spells: 3/3 levels left

rFire    . . .     SeeInvis .   a - +0 war axe
rCold    . . .     Gourm    .   c - +0 kite shield
rNeg     . . .     Faith    .   b - +0 scale mail
rPois    .         Spirit   .   (helmet restricted)
rElec    .         Reflect  .   (no cloak)
rCorr    .         Harm     .   (no gloves)
MR       .....                  (no boots)
Stlth    ..........             (no amulet)
HPRegen  0.13/turn              (no ring)
MPRegen  0.08/turn              (no ring)

@: mighty
A: retaliatory headbutt, horns 2
a: no special abilities


You were on level 4 of the Dungeon.
You were hungry.

You visited 1 branch of the dungeon, and saw 4 of its levels.

You collected 77 gold pieces.

Inventory:

Hand Weapons
 a - a +0 war axe (weapon)
Armour
 b - a +0 scale mail (worn)
 c - a +0 kite shield (worn)
Jewellery
 i - a +5 ring of intelligence {unknown}
   (You found it on level 1 of the Dungeon)
 m - a +2 ring of protection {unknown}
   (You found it on level 2 of the Dungeon)
 v - an uncursed ring of magical power {unknown}
   (You found it on level 4 of the Dungeon)
Scrolls
 h - 2 scrolls of enchant weapon {unknown}
 j - a scroll of fear {unknown}
 k - 3 scrolls of blinking {unknown}
 o - a scroll of fog {unknown}
 q - a scroll of enchant armour {unknown}
 r - a scroll of magic mapping {unknown}
 s - a scroll of identify {unknown}
Potions
 f - a potion of berserk rage {unknown}
 g - a potion of lignification {unknown}
 l - a potion of haste {unknown}
 n - 2 potions of heal wounds {unknown}
 p - a potion of degeneration {unknown}
 t - a potion of stabbing {unknown}
 w - a potion of curing {unknown}
Comestibles
 e - 4 rations


   Skills:
 + Level 4.4 Fighting
 * Level 4.3 Axes
 + Level 4.3 Armour
 + Level 4.3 Shields


You had 3 spell levels left.
You didn't know any spells.
Your spell library was empty.

Dungeon Overview and Level Annotations

Branches:
Dungeon (4/15)
 Temple: D:4-7

Altars:


Innate Abilities, Weirdness & Mutations

You reflexively headbutt those who attack you in melee.
You have a pair of horns on your head.


Message History

The orc hits you from afar with a +0 trident.
* * * LOW HITPOINT WARNING * * *
You block the slave's attack. The orc barely misses you.
The slave closely misses you.
Unknown command.
You block the orc's attack.
The orc hits you from afar with a +0 trident.
* * * LOW HITPOINT WARNING * * *
You feel very mighty all of a sudden. The slave hits you but does no damage.
You slash the slave!
The slave is moderately wounded.
The orc hits you from afar with a +0 trident.
* * * LOW HITPOINT WARNING * * *
The slave hits you but does no damage. The orc barely misses you.
You slice the slave!!
You kill the slave!
That felt strangely unrewarding.
The orc hits you from afar with a +0 trident.
You die...

#### #... ##### ##...
#...##########....
#...#.............
####...##.#####>.....
#............##.#....
#...@........##.#....
#............##.#....
#...o........##.#.#..
#............##.#....
#............##.####.
#<...........##......
#.............'......
#...........#'#####.#
#########...#.....'.#


You could see an orc.

Vanquished Creatures
  3 slaves
  2 orc wizards (D:4)
  Robin (D:2)
  An adder (D:3)
  A dart slug (D:1)
  2 leopard geckos
  2 orcs (D:4)
  3 giant cockroaches
  11 goblins
  3 hobgoblins
  2 kobolds (D:1)
  4 bats
  2 frilled lizards
  3 rats (D:1)
40 creatures vanquished.

Notes
Turn   | Place    | Note
-------+----------+-------------------------------------------
     0 | D:1      | Flugslaktarn the Minotaur Fighter began the quest for the
                  | Orb.
     0 | D:1      | Reached XP level 1. HP: 19/19 MP: 0/0
   189 | D:1      | Reached XP level 2. HP: 25/27 MP: 1/1
   424 | D:2      | Noticed Robin
   434 | D:2      | Reached XP level 3. HP: 18/33 MP: 2/2
   435 | D:2      | Killed Robin
  1028 | D:4      | Reached XP level 4. HP: 40/40 MP: 3/3
  1174 | D:4      | Noticed a slave
  1175 | D:4      | Noticed a slave
  1178 | D:4      | Noticed a slave
  1227 | D:3      | Killed a slave
  1476 | D:4      | Killed a slave
  1484 | D:4      | Killed a slave
  1484 | D:4      | Slain by an orc

Illustrated notes

Levels and vault maps discovered:
D:1:      lemuel_arrival_lava_pool, layout_rooms
D:2:      layout_basic, minmay_ruptured, uniq_terence, uniq_robin
D:3:      layout_loops_corners, first_ration, minmay_misc_feat_tiny,
          uniq_crazy_yiuf_cottage
D:4:      cheibrodos_helix_gallery, layout_basic, serial_corexii_hall,
          chequers_hall_statues_y, corexii_hall_statues_deadend,
          corexii_hall_statues_x, minmay_misc_feat_encased,
          minmay_misc_feat_tower, hex_medium, uniq_pikel

Skill      XL: |  1  2  3  4 |
---------------+-------------+-----
Axes           | 3 4 |  4.3
Fighting       | 4 |  4.4
Armour         | 4 |  4.3
Shields        | 4 |  4.3

Action                   |  1- 3 |  4- 6 || total
-------------------------+-------+-------++-------
Melee: War axe           |    63 |    27 ||    90
       Headbutt          |    10 |     6 ||    16
  Use: Potion            |       |     1 ||     1
  Eat: Chunk             |       |     1 ||     1
Armor: Scale mail        |    42 |    21 ||    63
Dodge: Dodged            |    16 |     9 ||    25
Block: Kite shield       |    48 |    16 ||    64

Table legend:
 A = Non-vault XP
 B = Vault XP
 C = Vault XP percentage of total XP
 D = Non-vault monster count
 E = Vault monster count
 F = Vault count percentage of total count
                 A         B        C        D         E       F
            +---------+---------+-------+---------+---------+-------
      Total |     134 |      36 |  21.2 |      25 |      12 |  32.4
            +---------+---------+-------+---------+---------+-------
        D:1 |      21 |       0 |   0.0 |      13 |       0 |   0.0
        D:2 |       2 |      36 |  94.7 |       1 |      12 |  92.3
        D:3 |      19 |       0 |   0.0 |       4 |       0 |   0.0
        D:4 |      92 |       0 |   0.0 |       7 |       0 |   0.0
            +---------+---------+-------+---------+---------+-------
